 Dungeon Crawl Stone Soup version 0.29-a0-297-g7659ce593d (webtiles) character file.

Game seed: 13571233927445728607

0 Dabor the Stinger (level 1, -1/15 HPs)
             Began as a Naga Venom Mage on Mar 22, 2022.
             Slain by a goblin
             ... wielding a +0 dagger
              (3 damage)
             ... on level 1 of the Dungeon.
             The game lasted 00:00:20 (28 turns).

Dabor the Stinger (Naga Venom Mage)                   Turns: 28, Time: 00:00:20

Health: -1/15      AC:  1    Str: 10    XL:     1   Next: 10%
Magic:  0/3        EV:  9    Int: 15    God:
Gold:   7          SH:  0    Dex: 11    Spells: 3/4 levels left

rFire   . . .      SeeInvis +   (no weapon)
rCold   . . .      Faith    .   (no shield)
rNeg    . . .      Spirit   .   a - +0 robe
rPois   +          Reflect  .   (no helmet)
rElec   .          Harm     .   (no cloak)
rCorr   .          Rampage  .   (no gloves)
Will    .....                   (no barding)
Stlth   ++........              (no amulet)
HPRegen 0.05/turn               (no ring)
MPRegen 0.08/turn               (no ring)

@: very slow
A: AC +0, large, see invisible, deformed body, poison resistance, slowness 2,
spit poison 1, naga tail 1
a: Spit Poison


You were on level 1 of the Dungeon.
You visited 1 branch of the dungeon, and saw 1 of its levels.

You collected 7 gold pieces.

Inventory:

Armour
 a - a +0 robe (worn)
Scrolls
 c - a scroll of enchant armour {unknown}
Potions
 b - a potion of magic


   Skills:
 + Level 1.5 Dodging
 + Level 3.0 Stealth
 + Level 2.0 Spellcasting
 + Level 1.0 Transmutations
 + Level 4.0 Poison Magic


You had 3 spell levels left.
You knew the following spells:

 Your Spells              Type           Power      Damage    Failure   Level
a - Sting                 Tmut/Pois      36%        1d4       8%          1

Your spell library contained the following spells:

 Spells                   Type           Power      Damage    Failure   Level
 Poisonous Vapours        Pois/Air       14%        N/A       14%         2
 Mephitic Cloud           Conj/Pois/Air  5%         N/A       36%         3
 Olgreb's Toxic Radiance  Pois           13%        N/A       38%         4


Dungeon Overview and Level Annotations

Branches:
Dungeon (1/15)

Altars:


Innate Abilities, Weirdness & Mutations

Your serpentine skin is tough. (AC +0)
You have supernaturally acute eyesight. (SInv)
Armour fits poorly on your strangely shaped body.
Your system is resistant to poisons. (rPois)
You cover ground very slowly.
You can spit poison.
You have a snake-like lower body.


Message History

Welcome, Dabor the Naga Venom Mage.
The transcendent Orb of Zot lies far below, as if waiting for you to find it.
Press ? for a list of commands and other information.
Found 7 gold pieces and a scroll labelled WACIOD XOFOLUKKIL.
Found two stairs.
You now have 7 gold pieces.
c - a scroll labelled WACIOD XOFOLUKKIL Key pressed, stopping explore. 2 goblins come into view.
The goblin shouts!
There are monsters nearby!
There are monsters nearby!
You miscast Sting.
You are very lightly contaminated with residual magic.
Nothing appears to happen.
The goblin hits you with a +0 dagger.
The sting hits the goblin.
The goblin is poisoned.
The goblin is moderately wounded.
The goblin hits you with a +0 dagger.
The sting hits the goblin.
The goblin looks even sicker.
You kill the goblin!
Things that are here:
a +0 dagger; a goblin corpse A rat comes into view.
Your magical contamination has completely faded away.
The goblin attacks as you move away! The goblin hits you with a +0 dagger.
The goblin attacks as you move away!
The goblin hits you with a +0 dagger. x2
The goblin attacks as you move away! The goblin hits you with a +0 dagger.
* * * LOW HITPOINT WARNING * * *
Aiming: Sting (safe; 8% risk of failure)
Press: ? - help, Q - select action, (/) - cycle Shift-Dir - straight line, f - goblin
Aim: a goblin, wielding a +0 dagger (60% to hit)
The sting misses the goblin.
The goblin hits you with a +0 dagger.
You die...

#.....#########.
#..8...........
##...<.........
##..>...........
#.
##.....##########
#.. ##.....##..
...# ##.....##.#
...##.....##.#
#.#.....##@#
#......##g##
###...##.##
.####.g##.##
........)#.#
####.####..# #.
##.# # ##.. ##.r


You could see a goblin.

Vanquished Creatures
  A goblin (D:1)
1 creature vanquished.

Notes
Turn   | Place    | Note
-------+----------+-------------------------------------------
     0 | D:1      | Dabor the Naga Venom Mage began the quest for the Orb.
     0 | D:1      | Reached XP level 1. HP: 15/15 MP: 3/3
    28 | D:1      | Slain by a goblin

Illustrated notes

Levels and vault maps discovered:
D:1:      psy_arrival_spokes, layout_loops_ring, chequers_serial_rivers_large_b

Action                   || total
-------------------------++-------
 Cast: Sting             ||     3

Table legend: (Time is in decaauts)
 A = Elapsed time spent in this place.
 B = Non-inter-level travel time spent in this place.
 C = Inter-level travel time spent in this place.
 D = Time resting spent in this place.
 E = Time spent auto-exploring this place.
 F = Levels seen in this place.
 G = Mean time per level.
                   A        B        C        D        E       F      G
               +--------+--------+--------+--------+--------+-----+--------+
         Total |     37 |     37 |      0 |      0 |     22 |   1 |   37.0 |
       Dungeon |     37 |     37 |      0 |      0 |     22 |   1 |   37.0 |
               +--------+--------+--------+--------+--------+-----+--------+

Top non-repeatable levels by time:
     D:1: 37 daAuts
